 Dungeon Crawl Stone Soup version 0.29.1-4-g47bece8355 (webtiles) character file.

Game seed: 2568534744134310802

181074 raph the Impaler (level 17, -2/154 HPs)
             Began as a Minotaur Fighter on Dec 6, 2022.
             Was a Believer of Elyvilon.
             Slain by a fenstrider witch (4 damage)
             ... while paralysed by a fenstrider witch
             ... on level 4 of the Swamp.
             The game lasted 00:51:06 (39294 turns).

raph the Impaler (Minotaur Fighter)                Turns: 39294, Time: 00:51:06

Health: -2/154     AC: 30    Str: 23    XL:     17   Next: 66%
Magic:  18/25      EV:  2    Int:  5    God:    Elyvilon [**....]
Gold:   2331       SH:  0    Dex: 16    Spells: 16/16 levels left

rFire   . . .      SeeInvis .   a - +4 glaive (flame)
rCold   . . .      Faith    .   (shield currently unavailable)
rNeg    . . .      Spirit   .   I - +1 chain mail {rPois}
rPois   +          Reflect  +   u - +2 hat
rElec   .          Harm     .   T - +2 cloak {Stlth+}
rCorr   .          Rampage  .   G - +1 pair of gloves
Will    +....                   l - +2 pair of boots
Stlth   ..........              E - amulet of reflection
HPRegen 0.35/turn               w - +4 ring of protection
MPRegen 0.19/turn               F - +4 ring of slaying

@: paralysed, very slow
A: horns 2, retaliatory headbutt
a: Renounce Religion, Purification, Heal Other


You were on level 4 of the Swamp.
You worshipped Elyvilon.
Elyvilon was pleased with you.
You visited 5 branches of the dungeon, and saw 27 of its levels.
You also visited: Ice Cave and Volcano.

You collected 3191 gold pieces.
You spent 860 gold pieces at shops.

Inventory:

Hand Weapons
 a - a +4 glaive of flaming (weapon)
 b - a +2 glaive of freezing
 q - the +1 glaive of Purpose {venom, rPois rF+ rC+}
   (You bought it in a shop on level 14 of the Dungeon)

   It poisons the flesh of those it strikes.
   rF:        It protects you from fire.
   rC:        It protects you from cold.
   rPois:     It protects you from poison.
 O - a +3 glaive
Missiles
 i - 2 silver javelins
 p - 24 poisoned darts (quivered)
 r - 4 throwing nets
 t - 20 boomerangs
 B - 9 curare-tipped darts
 S - 4 javelins
Armour
 l - a +2 pair of boots (worn)
 u - a +2 hat (worn)
 G - a +1 pair of gloves (worn)
 I - a +1 chain mail of poison resistance (worn)
 T - a +2 cloak of stealth (worn)
Jewellery
 k - a ring of ice
 w - a +4 ring of protection (left hand)
 A - a +4 ring of protection
 E - an amulet of reflection (around neck)
 F - a +4 ring of slaying (right hand)
 L - a ring of poison resistance
 N - a ring of flight
 Q - a +6 ring of strength
 U - a ring of see invisible
Wands
 c - a wand of digging (9)
 f - a wand of mindburst (8)
 o - a wand of quicksilver (48)
 s - a wand of iceblast (28)
 y - a wand of charming (13)
 D - a wand of polymorph (5)
 Y - a wand of flame (7)
Scrolls
 j - 9 scrolls of teleportation
 n - 3 scrolls of fog
 z - 5 scrolls of amnesia
 H - a scroll of fear
 M - 3 scrolls of immolation
 P - 10 scrolls of identify
 V - 4 scrolls of silence
 X - a scroll of magic mapping
Potions
 d - 3 potions of resistance
 e - 9 potions of curing
 g - 2 potions of cancellation
 h - 5 potions of flight
 m - 2 potions of heal wounds
 x - 3 potions of mutation
 C - 2 potions of might
 J - a potion of invisibility
 K - a potion of berserk rage
 R - a potion of haste
Miscellaneous
 v - a lightning rod (4/4)


   Skills:
 + Level 14.8 Fighting
 + Level 19.5 Polearms
 + Level 10.0 Throwing
 + Level 14.8 Armour
 + Level 13.3 Dodging
 - Level 3.6 Shields
 + Level 12.9 Invocations
 + Level 9.2 Evocations


You had 16 spell levels left.
You didn't know any spells.
Your spell library contained the following spells:

 Spells                   Type           Power      Damage    Failure   Level
 Apportation              Tloc           0%         N/A       94%         1
 Necrotise                Necr           0%         1d4       94%         1
 Shock                    Conj/Air       0%         1d3       94%         1
 Summon Small Mammal      Summ           0%         N/A       94%         1
 Ensorcelled Hibernation  Hex/Ice        0%         N/A       98%         2
 Call Canine Familiar     Summ           0%         N/A       100%        3
 Conjure Flame            Conj/Fire      0%         6-21      100%        3
 Frozen Ramparts          Ice            0%         1d1       100%        3
 Gell's Gravitas          Tloc           0%         N/A       100%        3
 Ignite Poison            Fire/Tmut/Pois 0%         N/A       100%        3
 Lesser Beckoning         Tloc           0%         N/A       100%        3
 Spider Form              Tmut/Pois      0%         N/A       100%        3
 Summon Guardian Golem    Hex/Summ       0%         N/A       100%        3
 Swiftness                Air            0%         N/A       100%        3
 Teleport Other           Tloc           0%         N/A       100%        3
 Tukima's Dance           Hex            0%         N/A       100%        3
 Airstrike                Air            0%         2d(0-16)  100%        4
 Anguish                  Hex/Necr       0%         N/A       100%        4
 Ice Form                 Ice/Tmut       0%         N/A       100%        4
 Passage of Golubria      Tloc           0%         N/A       100%        4
 Sticky Flame             Conj/Fire      0%         2d3       100%        4
 Summon Ice Beast         Ice/Summ       0%         N/A       100%        4
 Alistair's Intoxication  Tmut/Pois      0%         N/A       100%        5
 Borgnjor's Vile Clutch   Necr/Erth      0%         N/A       100%        5
 Fireball                 Conj/Fire      0%         3d3       100%        5
 Iskenderun's Battlesphe  Conj           0%         2d6       100%        5
 Summon Mana Viper        Hex/Summ       0%         N/A       100%        5
 Yara's Violent Unravell  Hex/Tmut       0%         3d3       100%        5
 Conjure Ball Lightning   Conj/Air       0%         3x3d6     100%        6
 Eringya's Noxious Bog    Tmut/Pois      0%         N/A       100%        6
 Haunt                    Necr/Summ      0%         N/A       100%        7
 Monstrous Menagerie      Summ           0%         N/A       100%        7
 Orb of Destruction       Conj           0%         9d5       100%        7
 Death's Door             Necr           0%         N/A       100%        9


Dungeon Overview and Level Annotations

Branches:
Dungeon (15/15)            Temple (1/1) D:4            Lair (5/5) D:11
  Swamp (4/4) Lair:2        Snake (0/4) Lair:3        Slime (0/5) Lair:4
    Orc (2/2) D:11            Elf (0/3) Orc:2        Vaults (0/5) D:13
 Depths (0/4) D:15          IceCv (visited)         Volcano (visited)

Altars:
Ashenzari
Cheibriados
Dithmenos
Elyvilon
Fedhas
Gozag
Hepliaklqana
Kikubaaqudgha
Makhleb
Nemelex Xobeh
Okawaru
Qazlal
Ru
Sif Muna
Trog
Uskayaw
Vehumet
Wu Jian
Xom
Yredelemnul
Zin
The Shining One
Jiyva

Shops:
D:2 (   D:8 **   D:14 (   Orc:1 [   Orc:2 (([=

Portals:
Trove: D:14 (show slimy rune of Zot)

Annotations:
D:11 2 transporters, Turbognida's ghost, journeyman DrTm
Lair:1 3 runed translucent doors, Hyawatha's ghost, novice MfGl
Lair:3 exclusion: oklob plant
Lair:5 3 runed translucent doors, carontestyx's ghost, journeyman OgTm
Swamp:1 2 transporters, Heegom's ghost, adept MiFi
Swamp:3 1 runed translucent door, Frank's ghost, adept DgFi


Innate Abilities, Weirdness & Mutations

You have a pair of horns on your head.
You reflexively headbutt those who attack you in melee.


Message History

You feel purified!
You can no longer provide healing for yourself.
The fenstrider witch hits you but does no damage.
The fenstrider witch kicks you.
* * * LOW HITPOINT WARNING * * *
The blizzard demon hits you but does no damage.
The blizzard demon closely misses you.
The fenstrider witch casts a spell at you.
You shrug off the repeated paralysis!
Okay, then.
Okay, then.
The blizzard demon attacks as you move away!
The blizzard demon closely misses you. You block the blizzard demon's attack.
You enter the shallow water.
Moving in this stuff is going to be slow.
The fenstrider witch gestures at you while chanting.
The toxic sludge hits you!
You are poisoned.
You partially resist.
* * * LOW HITPOINT WARNING * * *
Splash!
You fall into the toxic bog.
Moving in this stuff is going to be slow.
The fenstrider witch attacks as you move away!
You block the fenstrider witch's attack.
The fenstrider witch kicks you but does no damage.
* * * LOW HITPOINT WARNING * * *
You feel very sick.
You feel purified!
The fenstrider witch casts a spell at you.
You suddenly lose the ability to move!
The fenstrider witch hits you! Elyvilon protects you from harm!
The fenstrider witch kicks you but does no damage.
The fenstrider witch casts a spell at you.
You barely resist. The fenstrider witch hits you.
* * * LOW HITPOINT WARNING * * *
The fenstrider witch kicks you but does no damage.
The fenstrider witch hits you.
You die...

♣♣.~♣♣♣#~~♣~.~~.##~~~~~##.~..♣~..
♣...♣♣ #~~.~~~~##♣~~.~~♣##.~.~~.~
~.~~~♣ #~~~~♣####♣~~8.~♣ ###♣~..~
.~~.♣♣ #§~♣###~~#~~.♣~~~# ##♣.~
~♣♣♣♣ #♣♣##..§.§#♣♣♣♣♣#~~~ #♣♣ .♣
#######~#######~### ♣♣
♣.~.~§.~#~~..~# ~ ~♣♣♣♣
♣~.§)♣♣♣#H.~~∩# ♣♣ ....♣♣♣
#♣~§♣..@H#.~~#.~~ ~~~~.~♣
♣...~~~♣#..~# ~~~~..♣ #♣~.§..♣
..~# ~~~~~♣♣ #♣~.~~♣##φ## ~~~~.♣
#§~.~~~#§# ...♣♣♣ ###♣~.~### .~♣♣
##.~.# .~♣ ##### ♣♣♣


You could see 2 fenstrider witches.

Vanquished Creatures
  4 tentacled monstrosities
  A thorn hunter (Swamp:4)
  Kirke (Swamp:3)
  2 fenstrider witches (Swamp:4)
  A frost giant (IceCv)
  Aizul (Swamp:3)
  An orc warlord (Orc:2)
  The ghost of Jutounej the Imperceptible, a journeyman KoBe of Trog (Orc:1)
  7 eleionomae
  Nessos (Lair:5)
  5 bunyips
  A green death (Swamp:4)
  An ettin (Orc:2)
  Josephine (D:13)
  3 shambling mangroves
  An ice dragon (D:13)
  10 hydras
  5 ghost crabs
  2 boulder beetles (D:14)
  3 ogre magi
  2 spriggan air magi
  An anaconda (Swamp:2)
  An anaconda (shapeshifter) (D:15)
  5 centaur warriors
  9 alligators
  8 death yaks
  12 two-headed ogres
  3 tengu warriors
  5 orc high priests (Orc:2)
  3 spriggan berserkers
  Urug (Orc:1)
  A soul eater (Swamp:4)
  A fire crab (Lair:5)
  5 goliath frogs
  6 bog bodies
  7 spriggan druids
  4 wizards (Swamp:4)
  3 swamp dragons
  A lindwurm (Lair:3)
  A deep elf zephyrmancer (Swamp:4)
  6 orc knights
  4 deep elf pyromancers
  A salamander (D:15)
  5 orc sorcerers
  8 ugly things
  4 will-o-the-wisps
  3 manticores
  4 cyclopes
  6 black mambas
  An ice statue (IceCv)
  A black mamba (shapeshifter) (D:15)
  A torpor snail (Lair:2)
  A gargoyle (D:12)
  12 cane toads
  4 rime drakes
  3 kobold demonologists
  8 komodo dragons
  2 unseen horrors
  Maggie (D:6)
  3 hellwings (Swamp:4)
  An efreet (D:14)
  A tengu conjurer (D:14)
  12 trolls
  3 meliai (D:15)
  A meliai (shapeshifter) (D:15)
  11 tyrant leeches
  Grinder (D:4)
  16 polar bears
  8 blink frogs
  16 hornets
  15 slime creatures
  7 dream sheep
  A vampire (D:11)
  Sigmund (D:5)
  2 shadows
  7 wraiths
  25 spriggans
  48 yaks
  2 wyverns
  3 fire elementals
  3 hogs (Swamp:3)
  4 basilisks
  A steam dragon (D:10)
  2 neqoxecs (Swamp:4)
  A chaos spawn (Swamp:4)
  20 vampire mosquitoes
  5 nagas (Lair:3)
  11 swamp worms
  6 wargs (Orc:1)
  2 acid dragons (D:12)
  17 water moccasins
  Edmund (D:5)
  Duvessa (D:6)
  2 swamp drakes
  2 sky beasts
  6 black bears
  36 orc warriors
  A black bear (shapeshifter) (D:15)
  21 ogres
  42 wolves
  14 boggarts
  8 centaurs
  Blork the orc (D:6)
  3 kobold brigands (D:9)
  12 bullfrogs
  3 scorpions
  4 gnoll sergeants
  A hornet simulacrum (D:15)
  3 wights (D:10)
  Dowan (D:6)
  5 electric eels (D:7)
  3 howler monkeys
  A jelly (D:7)
  3 gnoll boudas
  30 orc priests
  4 hounds
  An iguana (D:5)
  16 orc wizards
  5 hell rats (Lair:4)
  31 gnolls
  5 adders
  A shadow imp (D:5)
  5 white imps
  3 ufetubi (D:4)
  2 worms
  4 dart slugs
  97 orcs
  3 endoplasms
  2 giant cockroaches (D:1)
  3 goblins
  7 hobgoblins
  11 kobolds
  2 quokkas (D:3)
  3 ball pythons
  4 bats
  A frilled lizard (D:1)
  A rat (D:2)
  2 briar patches (Swamp:4)
  2 fire vortices
881 creatures vanquished.

Vanquished Creatures (others)
  A death yak (Lair:2)
  A bloated husk (Swamp:2)
  A dream sheep (Lair:3)
  3 yaks (Lair:2)
  4 humans (Swamp:3)
  2 vampire mosquitoes
  A naga (Lair:3)
  12 foxfires
  16 fungi
  39 plants
80 creatures vanquished.

Grand Total: 961 creatures vanquished

Notes
Turn   | Place    | Note
-------+----------+-------------------------------------------
     0 | D:1      | raph the Minotaur Fighter began the quest for the Orb.
     0 | D:1      | Reached XP level 1. HP: 19/19 MP: 0/0
     6 | D:1      | Noticed a servant of whispers
     6 | D:1      | Noticed an iguana
     8 | D:1      | Noticed an ettin
   118 | D:1      | Reached skill level 3 in Polearms
   131 | D:1      | Reached XP level 2. HP: 26/26 MP: 1/1
   572 | D:2      | Found Yhaqos's Weapon Shop.
   711 | D:2      | Reached skill level 4 in Polearms
   986 | D:2      | Reached XP level 3. HP: 31/31 MP: 2/2
  1302 | D:3      | Reached skill level 5 in Polearms
  1304 | D:3      | Reached XP level 4. HP: 30/39 MP: 3/3
  1523 | D:3      | Found an ancient bone altar of Kikubaaqudgha.
  2068 | D:3      | Reached skill level 6 in Polearms
  2084 | D:3      | Reached XP level 5. HP: 11/45 MP: 4/4
  2491 | D:4      | Reached skill level 7 in Polearms
  2506 | D:4      | Found a staircase to the Ecumenical Temple.
  2512 | Temple   | Entered the Ecumenical Temple
  2673 | Temple   | Became a worshipper of Elyvilon the Healer
  2687 | D:4      | Found a shadowy altar of Dithmenos.
  2738 | D:4      | Reached XP level 6. HP: 26/51 MP: 5/5
  2934 | D:4      | Reached skill level 8 in Polearms
  3413 | D:4      | Found a stormy altar of Qazlal.
  3618 | D:4      | Noticed Grinder
  3629 | D:4      | Paralysed by Grinder for 5 turns
  3636 | D:4      | Killed Grinder
  3637 | D:4      | Reached skill level 9 in Polearms
  3637 | D:4      | Reached XP level 7. HP: 46/57 MP: 6/6
  3742 | D:5      | Entered Level 5 of the Dungeon
  3745 | D:5      | Reached * piety under Elyvilon
  3754 | D:5      | Reached skill level 10 in Polearms
  3771 | D:5      | Noticed Edmund
  3780 | D:5      | Killed Edmund
  3978 | D:5      | Reached skill level 11 in Polearms
  4143 | D:5      | Reached XP level 8. HP: 64/64 MP: 7/7
  4339 | D:5      | Noticed Sigmund
  4357 | D:5      | Killed Sigmund
  4358 | D:5      | Reached skill level 12 in Polearms
  4538 | D:5      | Reached ** piety under Elyvilon
  4795 | D:6      | Noticed Duvessa
  4795 | D:6      | Noticed Dowan
  5145 | D:6      | Noticed Blork the orc
  5152 | D:6      | Killed Blork the orc
  5268 | D:6      | Noticed Maggie
  5286 | D:6      | Killed Maggie
  5287 | D:6      | Reached skill level 13 in Polearms
  5287 | D:6      | Reached skill level 1 in Dodging
  5287 | D:6      | Reached skill level 1 in Invocations
  5643 | D:6      | Killed Duvessa
  5644 | D:6      | Reached XP level 9. HP: 39/72 MP: 9/9
  5644 | D:6      | Killed Dowan
  6038 | D:7      | Found an iron altar of Okawaru.
  6051 | D:7      | You fall into a shaft and drop 2 floors!
  6261 | D:8      | Reached skill level 5 in Fighting
  6261 | D:8      | Reached skill level 5 in Armour
  7102 | D:7      | Reached *** piety under Elyvilon
  7194 | D:7      | Found a burning altar of Makhleb.
  7570 | D:7      | Reached XP level 10. HP: 84/84 MP: 12/12
  8135 | D:7      | Found a basalt altar of Yredelemnul.
  8137 | D:7      | Found a glowing golden altar of the Shining One.
  8141 | D:7      | Found a blossoming altar of Fedhas.
  8394 | D:8      | Found Zin's Purification Station.
  8397 | D:8      | Found a glowing silver altar of Zin.
  8534 | D:8      | Found Belide's Hallowed Reliquary.
  8537 | D:8      | Noticed an angel
  8541 | D:8      | Bought a potion of heal wounds for 75 gold pieces
  8541 | D:8      | Bought a potion of heal wounds for 75 gold pieces
  8541 | D:8      | Bought a potion of heal wounds for 75 gold pieces
  8629 | D:8      | Found a radiant altar of Vehumet.
  8718 | D:9      | Noticed a rust devil
  8721 | D:9      | Noticed a soul eater
  8729 | D:9      | Noticed an orange demon
  8734 | D:9      | Noticed an orange demon
  9134 | D:9      | Reached skill level 5 in Dodging
  9188 | D:9      | Reached skill level 14 in Polearms
  9506 | D:9      | Reached skill level 5 in Invocations
  9547 | D:9      | Reached **** piety under Elyvilon
 10012 | D:10     | Entered Level 10 of the Dungeon
 10674 | D:10     | Noticed a two-headed ogre
 10682 | D:10     | Killed a two-headed ogre
 10683 | D:10     | Reached XP level 11. HP: 77/94 MP: 14/14
 11249 | D:11     | Found a staircase to the Lair.
 11257 | D:11     | Noticed a brown ugly thing
 11260 | D:11     | Pacified a brown ugly thing
 11643 | D:11     | Found a transporter.
 11684 | D:11     | Noticed Turbognida's ghost (journeyman DrTm)
 11716 | D:11     | Found a transporter.
 11771 | D:11     | Found a staircase to the Orcish Mines.
 11771 | D:11     | Noticed a two-headed ogre
 11784 | D:11     | Killed a two-headed ogre
 12124 | D:11     | Noticed a green ugly thing
 12128 | D:11     | Pacified a green ugly thing
 12146 | D:11     | Pacified a green ugly thing
 12543 | Lair:1   | Entered Level 1 of the Lair of Beasts
 12651 | Lair:1   | Reached skill level 15 in Polearms
 12749 | Lair:1   | Noticed Hyawatha's ghost (novice MfGl)
 12750 | Lair:1   | Found a runed translucent gate.
 12750 | Lair:1   | Found a runed translucent gate.
 12750 | Lair:1   | Noticed an eight-headed hydra
 12751 | Lair:1   | Found a runed translucent gate.
 12751 | Lair:1   | Noticed a four-headed hydra
 12902 | Lair:1   | Reached ***** piety under Elyvilon
 13463 | Lair:2   | Found a staircase to the Swamp.
 13482 | Lair:2   | Reached skill level 1 in Throwing
 13483 | Lair:2   | Reached skill level 1 in Evocations
 13695 | Lair:2   | Reached XP level 12. HP: 105/105 MP: 16/16
 13857 | Lair:2   | Noticed a death yak
 13861 | Lair:2   | Pacified a death yak
 13869 | Lair:2   | Killed a death yak
 13881 | Lair:2   | Noticed a death yak
 13884 | Lair:2   | Noticed a death yak
 13892 | Lair:2   | Noticed a death yak
 13893 | Lair:2   | Killed a death yak
 13902 | Lair:2   | Pacified a death yak
 13910 | Lair:2   | Killed a death yak
 13911 | Lair:2   | Reached skill level 10 in Armour
 13915 | Lair:2   | Reached skill level 10 in Fighting
 14199 | Lair:2   | Noticed a death yak
 14209 | Lair:2   | Killed a death yak
 15410 | Lair:3   | Found an ornate altar of the Wu Jian Council.
 15631 | Lair:3   | Found a staircase to the Snake Pit.
 16230 | Lair:4   | Found a dark tunnel.
 16238 | Volcano  | Entered a volcano
 16239 | Volcano  | Reached skill level 16 in Polearms
 16239 | Volcano  | Reached XP level 13. HP: 114/114 MP: 17/19
 16260 | Volcano  | Reached XP level 14. HP: 117/122 MP: 20/20
 16282 | Volcano  | HP: 6/122 [fire elemental (8)]
 16283 | Volcano  | Elyvilon protects you from harm!
 16674 | Lair:4   | Found a white marble altar of Elyvilon.
 16682 | Lair:4   | Found a viscous altar of Jiyva.
 16683 | Lair:4   | Found a staircase to the Slime Pits.
 18039 | Lair:5   | Entered Level 5 of the Lair of Beasts
 18286 | Lair:5   | Noticed Nessos
 18290 | Lair:5   | Killed Nessos
 18291 | Lair:5   | Reached skill level 17 in Polearms
 18591 | Lair:5   | Reached skill level 5 in Throwing
 18667 | Lair:5   | Found a runed translucent gate.
 18667 | Lair:5   | Found a runed translucent gate.
 18671 | Lair:5   | Found a runed translucent gate.
 18683 | Lair:5   | Reached skill level 10 in Invocations
 19331 | Lair:5   | Noticed carontestyx's ghost (journeyman OgTm)
 19399 | Lair:5   | Reached skill level 5 in Evocations
 19735 | Orc:1    | Entered Level 1 of the Orcish Mines
 19736 | Orc:1    | Noticed Urug
 19748 | Orc:1    | Killed Urug
 19749 | Orc:1    | Reached skill level 10 in Dodging
 20003 | Orc:1    | Found a runed translucent gate.
 20005 | Orc:1    | Found a runed translucent gate.
 20005 | Orc:1    | Found a runed translucent gate.
 20014 | Orc:1    | Noticed Jutounej's ghost (journeyman KoBe)
 20456 | Orc:1    | Found Vompis's Armour Shoppe.
 20865 | Orc:1    | Killed Jutounej's ghost
 21047 | Orc:2    | Entered Level 2 of the Orcish Mines
 21752 | Orc:2    | Noticed an orc warlord
 21771 | Orc:2    | Killed an orc warlord
 22237 | Orc:2    | Found Iwumutt's Weapon Boutique.
 22312 | Orc:2    | Found Ciroergh's Antique Weapon Shop.
 22318 | Orc:2    | Reached XP level 15. HP: 125/132 MP: 21/21
 22721 | Orc:2    | Found Inolasmu's Armour Shoppe.
 22770 | Orc:2    | Found Tecvem's Jewellery Emporium.
 22787 | Orc:2    | Bought a ring of see invisible for 210 gold pieces
 23309 | Orc:2    | Identified a scroll of acquirement
 23312 | Orc:2    | Acquired 447 gold pieces
 23390 | Orc:2    | Found a staircase to the Elven Halls.
 23475 | Orc:2    | Got the Verses on Blasting and Dark Deeds
 25348 | D:13     | Found a frozen archway.
 25380 | IceCv    | Entered an ice cave
 25631 | IceCv    | Reached skill level 18 in Polearms
 25781 | IceCv    | Noticed a frost giant
 25807 | IceCv    | Killed a frost giant
 25992 | IceCv    | Got the Incunabulum of the Frog
 26385 | D:13     | Found a gate to the Vaults.
 27228 | D:13     | Noticed Josephine
 27235 | D:13     | Killed Josephine
 28339 | D:14     | Found Naeton's Antique Weapon Shoppe.
 28352 | D:14     | Bought a jewelled glaive for 425 gold pieces
 28352 | D:14     | Identified the +1 glaive of Purpose {venom, rPois rF+ rC+}
                  | (You bought it in a shop on level 14 of the Dungeon)
 28510 | D:14     | Found a portal to a secret trove of treasure.
 29360 | D:15     | Entered Level 15 of the Dungeon
 29366 | D:15     | Found a broken altar of Ashenzari.
 29375 | D:15     | Reached XP level 16. HP: 143/143 MP: 23/23
 29380 | D:15     | Paralysed by an ogre mage for 3 turns
 29536 | D:15     | Reached ****** piety under Elyvilon
 29810 | D:15     | Found a staircase to the Depths.
 31081 | Swamp:1  | Entered Level 1 of the Swamp
 31517 | Swamp:1  | Noticed a tentacled monstrosity
 31529 | Swamp:1  | Killed a tentacled monstrosity
 31557 | Swamp:1  | Noticed Heegom's ghost (adept MiFi)
 31561 | Swamp:1  | Identified the ring "Cato" {rC+ Str+6 Stlth+}
 31562 | Swamp:1  | Found a bloodstained altar of Trog.
 31579 | Swamp:1  | Found a transporter.
 31584 | Swamp:1  | Found a transporter.
 32717 | Swamp:2  | Noticed a tentacled monstrosity
 33949 | Swamp:1  | Elyvilon protects you from harm!
 34671 | Swamp:2  | Killed a tentacled monstrosity
 34672 | Swamp:2  | Reached skill level 19 in Polearms
 35418 | Swamp:3  | Reached XP level 17. HP: 152/152 MP: 25/25
 35420 | Swamp:3  | Noticed Aizul
 35432 | Swamp:3  | Killed Aizul
 36028 | Swamp:3  | Noticed Kirke
 36049 | Swamp:3  | Killed Kirke
 36850 | Swamp:3  | Identified the +2 halberd of Nemelex Xobeh's Hope {vorpal,
                  | Dex+4}
 36937 | Swamp:3  | Found a runed translucent door.
 36940 | Swamp:3  | Noticed Frank's ghost (adept DgFi)
 36941 | Swamp:3  | Identified the +8 spear "Kaagguig" {freeze, Str+8 Int+2}
 36983 | Swamp:4  | Entered Level 4 of the Swamp
 37581 | Swamp:4  | Noticed a tentacled monstrosity
 37648 | Swamp:4  | Killed a tentacled monstrosity
 38391 | Swamp:4  | Paralysed by a fenstrider witch for 2 turns
 38393 | Swamp:4  | Noticed a tentacled monstrosity
 38411 | Swamp:4  | Killed a tentacled monstrosity
 38544 | Swamp:4  | HP: 2/154 [bunyip[a spriggan druid] (31)]
 38553 | Swamp:4  | Reached skill level 10 in Throwing
 39282 | Swamp:4  | Paralysed by a fenstrider witch for 3 turns
 39285 | Swamp:4  | HP: 6/154 [poison]
 39285 | Swamp:4  | Elyvilon protects you from harm!
 39290 | Swamp:4  | HP: 6/154 [poisoned by a fenstrider witch (toxic sludge)]
 39291 | Swamp:4  | Paralysed by a fenstrider witch for 5 turns
 39291 | Swamp:4  | Elyvilon protects you from harm!
 39293 | Swamp:4  | HP: 2/154 [fenstrider witch (5)]
 39294 | Swamp:4  | Slain by a fenstrider witch

Illustrated notes

Levels and vault maps discovered:
D:1:      onia_arrival_zoo_common, layout_rooms
D:2:      layout_basic, serial_shops, nicolae_lakefront_shop,
          kennysheep_another_room
D:3:      layout_basic, lemuel_doored_altar, eino_tiny_chamber
D:4:      layout_loops_ring, lemuel_round_altar, kennysheep_little_box,
          minmay_temple_entry_trees, uniq_grinder
D:5:      layout_basic, chequers_serial_rivers_micro_a,
          hangedman_decor_peaks_small, uniq_edmund, uniq_sigmund
D:6:      layout_gridville, uniq_blork_the_orc, uniq_duvessa, uniq_maggie
D:7:      layout_loops_cross, lightli_temple_of_fire, okawaru_gym_becter,
          grunt_temple_overflow_diamond, kennysheep_boxes
D:8:      layout_rooms, zin_purify, kennysheep_mini, nicolae_good_shop
D:9:      layout_roguey
D:10:     layout_basic, small_statue_alley_b
D:11:     layout_basic, lair_entry_dummy, david_orc_2,
          gammafunk_ghost_berserking_beasts
D:12:     layout_irregular_city
D:13:     layout_cave_pods, david_vaults_1,
          portal_ice_cave_entry_animals_and_master, grunt_ministairs_11,
          st_stairs_11, uniq_josephine
D:14:     layout_irregular_city, enter_trove_3, serial_shops,
          nicolae_stop_n_shop_2, hangedman_decor_slide_cut
D:15:     hangedman_depths_entry_try_elsewhere_first, layout_irregular_city,
          ashenzari_altar_1
Temple:   hellmonk_temple_flake
Lair:1:   layout_regular_city, gammafunk_ghost_split,
          chequers_serial_rivers_small_3
Lair:2:   layout_chaotic_city, minmay_swamp_entry_swarm
Lair:3:   layout_regular_city, minmay_snake_entry_guardpost_medium,
          lemuel_oklob_altar, grunt_megastairs_3
Lair:4:   layout_cave_pods, slime_entry_1, lightli_volcano_entry_magma_tube,
          basic_altar, nicolae_lair_lil_pond, wad_woods_road_02
Lair:5:   minmay_lair_end_enchanted_forest, layout_long_grid,
          gammafunk_ghost_icy, minivault_23, minivault_24, lemuel_fruit_fields,
          uniq_nessos
Swamp:1:  nicolae_swamp_secret_spriggan_hideout, layout_basic_swamp,
          gammafunk_ghost_wrathful_warriors, serial_swamp_ruin,
          evilmike_swamp_ruin_wall, evilmike_swamp_ruin_rubble_2
Swamp:2:  layout_basic_swamp, hangedman_swamp_pad, swamp_pool2,
          nicolae_swamp_snake_nest
Swamp:3:  layout_basic_swamp, ebering_ghost_funeral_grove,
          evilmike_swamp_ruin_house_6, swamp_pool5, hangedman_swamp_grove,
          uniq_kirke, uniq_aizul
Swamp:4:  nzn_swamp_witches_coven, layout_basic_swamp,
          infiniplex_staircase_pool_2
Orc:1:    layout_diamond_mine, serial_shops, shop, gammafunk_ghost_split,
          uniq_urug
Orc:2:    pubby_orc_utopia, serial_shops

Skill      XL: |  1  2  3  4  5  6  7  8  9 10 11 12 13 14 15 16 17 |
---------------+----------------------------------------------------+-----
Polearms       | 3 4 5 6 7 9 11 13 14 15 16 17 18 19 | 19.5
Fighting       | 4 6 8 9 10 12 13 14 | 14.8
Armour         | 4 6 8 9 10 12 13 14 | 14.8
Dodging        | 2 4 6 8 9 10 11 12 13 | 13.3
Invocations    | 1 4 5 7 9 10 11 12 | 12.9
Throwing       | 1 4 6 7 9 10 | 10.0
Evocations     | 1 3 5 7 8 9 |  9.2
Shields        | |  3.6

Action                   |  1- 3 |  4- 6 |  7- 9 | 10-12 | 13-15 | 16-18 || total
-------------------------+-------+-------+-------+-------+-------+-------++-------
Melee: Trident           |    61 |   143 |   135 |       |       |       ||   339
       Headbutt          |     3 |    12 |    44 |    64 |   218 |   152 ||   493
       Glaive            |       |       |   129 |   416 |  1241 |   763 ||  2549
Throw: Dart              |       |     3 |     9 |    23 |     7 |    28 ||    70
       Javelin           |       |       |     4 |       |    47 |    17 ||    68
       Boomerang         |       |       |    12 |    14 |       |       ||    26
Invok: Heal Self         |       |       |       |    10 |    16 |    24 ||    50
       Heal Other        |       |       |       |    17 |     5 |     4 ||    26
       Divine Vigour     |       |       |       |       |       |     1 ||     1
       Purification      |       |       |       |       |       |     3 ||     3
Evoke: Wand              |       |       |     3 |     2 |     6 |       ||    11
  Use: Scroll            |     4 |     4 |    10 |    12 |     9 |     4 ||    43
       Potion            |     1 |     1 |     1 |     2 |     4 |     1 ||    10
 Stab: Invisible         |       |       |     4 |       |       |       ||     4
       Distracted        |       |       |       |       |     1 |       ||     1
Armor: Scale mail        |    10 |       |       |       |       |       ||    10
       Chain mail        |    15 |    44 |    67 |   203 |       |   403 ||   732
       Plate armour      |       |       |       |    41 |   570 |    36 ||   647
Dodge: Dodged            |    16 |    29 |    63 |   212 |   383 |   435 ||  1138
Block: Buckler           |     7 |    20 |    20 |       |       |       ||    47
       Other             |       |       |       |    60 |   200 |   130 ||   390
       Reflection        |       |       |       |       |     7 |     3 ||    10
